 Dungeon Crawl Stone Soup version 0.28.0-43-g3370ac3207 (webtiles) character file.

Game seed: 14488188747850149481

5625 Ablot the Magician (level 10, -5/79 HPs)
             Began as a Gnoll Warper on Mar 15, 2022.
             Was an Elder of Okawaru.
             Slain by a four-headed hydra (11 damage)
             ... on level 9 of the Dungeon.
             The game lasted 00:15:59 (12337 turns).

Ablot the Magician (Gnoll Warper)                  Turns: 12337, Time: 00:16:00

Health: -5/79      AC: 12    Str: 14    XL:     10   Next: 73%
Magic:  21/21      EV: 14    Int: 13    God:    Okawaru [****..]
Gold:   405        SH:  0    Dex: 18    Spells: 20/24 levels left

rFire   . . .      SeeInvis .   e - +1 whip (elec)
rCold   . . .      Faith    .   (no shield)
rNeg    + . .      Spirit   .   C - +3 ring mail {rN+}
rPois   .          Reflect  .   (no helmet)
rElec   .          Harm     .   q - +1 cloak
rCorr   .          Rampage  .   v - +0 pair of gloves
Will    .....                   (no boots)
Stlth   +++.......              (no amulet)
HPRegen 0.23/turn               l - +6 ring of dexterity
MPRegen 0.17/turn               t - ring of wizardry

@: no status effects
A: fangs 1, strong nose, distributed training
a: Renounce Religion, Heroism, Finesse


You were on level 9 of the Dungeon.
You worshipped Okawaru.
Okawaru was greatly pleased with you.
You visited 1 branch of the dungeon, and saw 9 of its levels.

You collected 405 gold pieces.

Inventory:

Hand Weapons
 a - a +0 trident
 e - a +1 whip of electrocution (weapon)
Missiles
 b - 24 bolts
 d - 6 boomerangs of dispersal
 f - 136 stones
 i - 104 arrows
 y - 6 poisoned darts
 A - 9 boomerangs
 K - 3 throwing nets
 M - an atropa-tipped dart (quivered)
Armour
 q - a +1 cloak (worn)
 s - a +0 robe of the Archmagi
 v - a +0 pair of gloves (worn)
 C - a +3 ring mail of positive energy (worn)
 H - the +1 robe "Powac" {Harm rElec rN+ Int-5}
   (You took it off an orc wizard on level 6 of the Dungeon)

   Int:       It affects your intelligence (-5).
   rElec:     It insulates you from electricity.
   rN:        It protects you from negative energy.
   Harm:      It increases damage dealt and taken.
Jewellery
 l - a +6 ring of dexterity (left hand)
 t - a ring of wizardry (right hand)
 u - a ring of resist corrosion
Wands
 B - a wand of iceblast (21)
Scrolls
 c - 3 scrolls of blinking
 g - 2 scrolls of fear {unknown}
 h - 5 scrolls of identify {unknown}
 j - 2 scrolls of teleportation {unknown}
 k - a scroll of brand weapon {unknown}
 n - 3 scrolls of vulnerability {unknown}
 D - 2 scrolls of fog {unknown}
 E - a scroll of silence {unknown}
 J - a scroll of magic mapping {unknown}
Potions
 m - 5 potions of degeneration {unknown}
 o - a potion of invisibility {unknown}
 p - 8 potions of curing {unknown}
 r - a potion of brilliance {unknown}
 w - 3 potions of might
 x - 2 potions of magic {unknown}
 z - 2 potions of heal wounds {unknown}
 F - a potion of attraction {unknown}
 G - 2 potions of cancellation {unknown}
 I - a potion of flight {unknown}
 L - a potion of haste {unknown}


   Skills:
 + Level 7.3 Fighting
 + Level 5.5 Short Blades
 + Level 5.5 Long Blades
 + Level 5.5 Axes
 + Level 5.5 Maces & Flails
 + Level 7.3 Polearms
 + Level 5.5 Staves
 + Level 5.5 Slings
 + Level 5.5 Bows
 + Level 5.5 Crossbows
 + Level 6.2 Throwing
 + Level 6.2 Armour
 + Level 7.3 Dodging
 + Level 5.5 Stealth
 + Level 5.5 Shields
 + Level 5.5 Unarmed Combat
 + Level 7.5 Spellcasting
 + Level 4.6 Conjurations
 + Level 4.6 Hexes
 + Level 4.6 Summonings
 + Level 4.6 Necromancy
 + Level 7.2 Translocations
 + Level 4.6 Transmutations
 + Level 4.6 Fire Magic
 + Level 4.6 Ice Magic
 + Level 4.6 Air Magic
 + Level 4.6 Earth Magic
 + Level 4.6 Poison Magic
 + Level 6.1 Invocations
 + Level 5.5 Evocations


You had 20 spell levels left.
You knew the following spells:

 Your Spells              Type           Power      Damage    Failure   Level
a - Blink                 Tloc           46%        N/A       1%          2
b - Passwall              Tmut/Erth      13%        N/A       2%          2

Your spell library contained the following spells:

 Spells                   Type           Power      Damage    Failure   Level
 Pain                     Necr           64%        1d7       1%          1
 Sandblast                Erth           32%        2d9       1%          1
 Gell's Gravitas          Tloc           23%        N/A       1%          3
 Lesser Beckoning         Tloc           23%        N/A       1%          3
 Teleport Other           Tloc           23%        N/A       1%          3
 Portal Projectile        Hex/Tloc       40%        N/A       2%          3
 Stone Arrow              Conj/Erth      32%        3d9       4%          3
 Vampiric Draining        Necr           16%        2d7       4%          3
 Cause Fear               Hex            8%         N/A       16%         4
 Leda's Liquefaction      Hex/Erth       8%         N/A       16%         4
 Manifold Assault         Tloc           23%        N/A       16%         5
 Dragon Form              Tmut           8%         N/A       100%        7
 Animate Skeleton         Necr           Unusable   N/A       N/A         1
 Call Canine Familiar     Summ           Unusable   N/A       N/A         3
 Dragon's Call            Summ           Unusable   N/A       N/A         9

Dungeon Overview and Level Annotations

Branches:
Dungeon (9/15)             Temple (0/1) D:4
   Lair: D:8-11         Orc: D:9-12

Altars:
Dithmenos
Fedhas
Okawaru
Qazlal
Uskayaw
Vehumet
Wu Jian
The Shining One

Shops:
D:5 (

Annotations:
D:4 2 runed translucent doors, kelmiir's ghost, amateur MfGl
D:9 1 exclusion


Innate Abilities, Weirdness & Mutations

You have very sharp teeth.
Your uncanny sense of smell can sniff out nearby items.
Your experience applies equally to all skills.


Message History

The four-headed hydra bites you. x2
You hit the four-headed hydra.
The four-headed hydra is heavily wounded.
The four-headed hydra barely misses you. x2
The four-headed hydra bites you but does no damage.
The four-headed hydra completely misses you.
You hit the four-headed hydra.
The four-headed hydra is severely wounded.
You hit the four-headed hydra but do no damage.
You bite the four-headed hydra, but do no damage.
The four-headed hydra is severely wounded.
The four-headed hydra completely misses you.
The four-headed hydra bites you. The four-headed hydra bites you!
The four-headed hydra bites you.
You hit the four-headed hydra.
The four-headed hydra is severely wounded.
The four-headed hydra bites you but does no damage.
The four-headed hydra misses you.
The four-headed hydra completely misses you.
The four-headed hydra bites you!
You hit the four-headed hydra.
The four-headed hydra is almost dead.
The four-headed hydra barely misses you.
The four-headed hydra bites you.
* * * LOW HITPOINT WARNING * * *
The four-headed hydra bites you.
* * * LOW HITPOINT WARNING * * *
The four-headed hydra bites you.
* * * LOW HITPOINT WARNING * * *
Unknown command.
Unknown command.
You see here a bullfrog corpse.
You hit the four-headed hydra.
The four-headed hydra is almost dead.
The four-headed hydra bites you.
* * * LOW HITPOINT WARNING * * *
The four-headed hydra bites you!
* * * LOW HITPOINT WARNING * * *
The four-headed hydra bites you!
You die...

>............ ...#.#........
..#......##.# #...#.########
.........##.#########..#.........
...########.#............#.......
...# #.#.########.#.#.###### ...#
#.#.#......#.#.#.# #... .###
#.#.#.####.#.#.#.# #.##
.##########.#...#<...#...#.###.##
................@D....†..........
.##########.........)#...#.#.#.#.
.# ##########.#...#.#.#.#. ##
#.#...#.#.#.#. #############
#.#.#.#.#.#.#. ............#
#.#.#...#.#.#. ............#
#.#.#...#.#.#. ............#
#.#.#.......#( ............#
#.#<#...#.###(


You could see a four-headed hydra (poisoned).

Vanquished Creatures
  Harold (D:8)
  A boulder beetle (D:8)
  Erolcha (D:9)
  Psyche (D:8)
  A hornet (D:9)
  A wraith (D:8)
  2 wyverns
  A water moccasin (D:5)
  3 black bears
  3 ice beasts
  A hornet zombie (D:8)
  A necrophage (D:6)
  2 ogres
  A centaur (D:6)
  A phantom (D:6)
  A kobold brigand (D:7)
  4 bullfrogs
  4 howler monkeys
  A bullfrog zombie (D:7)
  A centaur zombie (D:7)
  3 orc priests
  4 hounds
  2 jellies
  4 bullfrog skeletons
  5 iguanas
  Ijyb (D:4)
  Terence (D:3)
  6 orc wizards
  A hound skeleton (D:4)
  9 adders
  4 gnolls (D:2)
  2 white imps (D:6)
  An ufetubus (D:7)
  An adder skeleton (D:5)
  2 worms
  4 dart slugs
  21 orcs
  9 endoplasms
  3 giant cockroaches
  9 goblins
  9 hobgoblins
  4 jackals (D:2)
  2 quokkas
  5 ball pythons
  2 bats
  3 frilled lizards
  9 kobolds
  9 rats
167 creatures vanquished.

Vanquished Creatures (others)
  A troll (D:8)
  An orc wizard (D:6)
  A fungus (D:1)
  3 plants
6 creatures vanquished.

Grand Total: 173 creatures vanquished

Notes
Turn   | Place    | Note
-------+----------+-------------------------------------------
     0 | D:1      | Ablot the Gnoll Warper began the quest for the Orb.
     0 | D:1      | Reached XP level 1. HP: 20/20 MP: 6/6
   203 | D:1      | Reached XP level 2. HP: 26/26 MP: 7/7
   210 | D:1      | Learned a level 2 spell: Blink
   496 | D:1      | Found a faded altar of an unknown god.
   690 | D:1      | Reached XP level 3. HP: 28/30 MP: 9/9
   791 | D:1      | Reached skill level 5 in Spellcasting
  1024 | D:2      | Found an iron altar of Okawaru.
  1056 | D:2      | Became a worshipper of Warmaster Okawaru
  1264 | D:2      | Reached skill level 1 in Invocations
  1706 | D:2      | Reached skill level 1 in Short Blades
  1706 | D:2      | Reached skill level 1 in Long Blades
  1706 | D:2      | Reached skill level 1 in Axes
  1706 | D:2      | Reached skill level 1 in Maces & Flails
  1706 | D:2      | Reached skill level 1 in Staves
  1706 | D:2      | Reached skill level 1 in Slings
  1706 | D:2      | Reached skill level 1 in Bows
  1706 | D:2      | Reached skill level 1 in Crossbows
  1706 | D:2      | Reached skill level 1 in Stealth
  1706 | D:2      | Reached skill level 1 in Shields
  1706 | D:2      | Reached skill level 1 in Unarmed Combat
  1706 | D:2      | Reached skill level 1 in Evocations
  1714 | D:2      | Reached XP level 4. HP: 14/38 MP: 11/11
  1736 | D:2      | HP: 1/38 [gnoll/+1 whip of electrocution (9)]
  2317 | D:2      | Reached skill level 1 in Conjurations
  2317 | D:2      | Reached skill level 1 in Hexes
  2317 | D:2      | Reached skill level 1 in Summonings
  2317 | D:2      | Reached skill level 1 in Necromancy
  2317 | D:2      | Reached skill level 1 in Transmutations
  2317 | D:2      | Reached skill level 1 in Fire Magic
  2317 | D:2      | Reached skill level 1 in Ice Magic
  2317 | D:2      | Reached skill level 1 in Air Magic
  2317 | D:2      | Reached skill level 1 in Earth Magic
  2317 | D:2      | Reached skill level 1 in Poison Magic
  3043 | D:2      | Reached XP level 5. HP: 37/43 MP: 12/12
  3397 | D:3      | Found a radiant altar of Vehumet.
  3886 | D:3      | Noticed Terence
  3898 | D:3      | Killed Terence
  4509 | D:4      | Reached XP level 6. HP: 50/50 MP: 13/13
  4707 | D:4      | Reached skill level 5 in Fighting
  4707 | D:4      | Reached skill level 5 in Polearms
  4707 | D:4      | Reached skill level 5 in Dodging
  4844 | D:4      | Found a large runed translucent door.
  4844 | D:4      | Found a large runed translucent door.
  4848 | D:4      | Noticed kelmiir's ghost (amateur MfGl)
  5078 | D:4      | Noticed Ijyb
  5086 | D:4      | Killed Ijyb
  5564 | D:4      | Found a staircase to the Ecumenical Temple.
  5727 | D:5      | Entered Level 5 of the Dungeon
  5815 | D:5      | Reached XP level 7. HP: 56/56 MP: 15/15
  6150 | D:5      | Reached * piety under Okawaru
  6339 | D:5      | Found a shadowy altar of Dithmenos.
  6348 | D:5      | Found a hide-covered altar of Uskayaw.
  6444 | D:5      | Reached XP level 8. HP: 61/63 MP: 16/16
  6473 | D:5      | Found Meoffeb's Weapon Shoppe.
  6525 | D:5      | Found an ornate altar of the Wu Jian Council.
  6527 | D:5      | Found a glowing golden altar of the Shining One.
  7590 | D:6      | Learned a level 2 spell: Passwall
  7945 | D:6      | Identified the +1 robe "Powac" {Harm rElec rN+ Int-5}
  8540 | D:7      | Reached ** piety under Okawaru
  8541 | D:7      | Reached XP level 9. HP: 66/69 MP: 18/18
  9235 | D:7      | Reached skill level 5 in Throwing
  9235 | D:7      | Reached skill level 5 in Armour
  9915 | D:8      | Noticed a boulder beetle
  9930 | D:8      | Killed a boulder beetle
  9930 | D:8      | Reached *** piety under Okawaru
  9931 | D:8      | Reached skill level 5 in Invocations
 10422 | D:8      | Noticed a troll
 10425 | D:8      | Noticed Psyche
 10440 | D:8      | Killed a troll
 10441 | D:8      | Reached XP level 10. HP: 59/77 MP: 20/20
 10457 | D:8      | Paralysed by something for 3 turns
 10461 | D:8      | Killed Psyche
 10462 | D:8      | Reached skill level 5 in Short Blades
 10462 | D:8      | Reached skill level 5 in Long Blades
 10462 | D:8      | Reached skill level 5 in Axes
 10462 | D:8      | Reached skill level 5 in Maces & Flails
 10462 | D:8      | Reached skill level 5 in Staves
 10462 | D:8      | Reached skill level 5 in Slings
 10462 | D:8      | Reached skill level 5 in Bows
 10462 | D:8      | Reached skill level 5 in Crossbows
 10462 | D:8      | Reached skill level 5 in Stealth
 10462 | D:8      | Reached skill level 5 in Shields
 10462 | D:8      | Reached skill level 5 in Unarmed Combat
 10462 | D:8      | Reached skill level 5 in Evocations
 11088 | D:8      | Found a blossoming altar of Fedhas.
 11091 | D:8      | Noticed Harold
 11117 | D:8      | Killed Harold
 11376 | D:9      | Noticed Erolcha
 11501 | D:9      | Paralysed by a hornet for 3 turns
 11770 | D:9      | Found a stormy altar of Qazlal.
 12207 | D:9      | Killed Erolcha
 12207 | D:9      | Reached **** piety under Okawaru
 12298 | D:9      | Noticed a four-headed hydra
 12337 | D:9      | Slain by a four-headed hydra

Illustrated notes

Levels and vault maps discovered:
D:1:      wheals_arrival_shading, layout_loops_ring,
          dreamdust_ecumenical_altar_hidden_monk_grotto
D:2:      layout_basic, basic_altar, minmay_goblin_outpost
D:3:      layout_loops_ring, mainiacjoe_overflow_boulevard, serial_aquarium,
          aquarium_bridge_island_small [aquarium_subvault_small_open,
          aquarium_subvault_wall, aquarium_subvault_window,
          aquarium_subvault_window, aquarium_subvault_bridge],
          aquarium_bridge_square [aquarium_subvault_window,
          aquarium_subvault_wall, aquarium_subvault_wall,
          aquarium_subvault_bridge], aquarium_window_2, aquarium_window_double,
          aquarium_view_2b, aquarium_balcony_3b, nrook_mini_vaults, uniq_terence
D:4:      layout_basic, minmay_temple_entry_drinking_statues,
          ebering_ghost_disaster_area, uniq_ijyb
D:5:      layout_basic, nicolae_overflow_squiral, mainiacjoe_overflow_swirl,
          serial_rivers, chequers_serial_rivers_micro_c,
          chequers_serial_rivers_room_a, chequers_serial_rivers_large_b,
          chequers_serial_rivers_micro_e, serial_shops,
          nicolae_shop_bloodbath_and_beyond
D:6:      layout_layer_cave
D:7:      layout_loops_corners, lemuel_flame_loot_1
D:8:      layout_basic, mainiacjoe_overflow_brackets, uniq_psyche, uniq_harold
D:9:      layout_basic, kennysheep_mini_moat, mainiacjoe_overflow_alcove_1,
          zin_academy, david_lair_generic, uniq_erolcha

Skill      XL: |  1  2  3  4  5  6  7  8  9 10 |
---------------+-------------------------------+-----
Spellcasting   | 5 6 7 |  7.5
Invocations    | 1 2 3 4 5 6 |  6.1
Short Blades   | 1 2 3 4 5 |  5.5
Long Blades    | 1 2 3 4 5 |  5.5
Axes           | 1 2 3 4 5 |  5.5
Maces & Flails | 1 2 3 4 5 |  5.5
Staves         | 1 2 3 4 5 |  5.5
Slings         | 1 2 3 4 5 |  5.5
Bows           | 1 2 3 4 5 |  5.5
Crossbows      | 1 2 3 4 5 |  5.5
Stealth        | 1 2 3 4 5 |  5.5
Shields        | 1 2 3 4 5 |  5.5
Unarmed Combat | 1 2 3 4 5 |  5.5
Evocations     | 1 2 3 4 5 |  5.5
Conjurations   | 1 2 3 4 |  4.6
Hexes          | 1 2 3 4 |  4.6
Summonings     | 1 2 3 4 |  4.6
Necromancy     | 1 2 3 4 |  4.6
Transmutations | 1 2 3 4 |  4.6
Fire Magic     | 1 2 3 4 |  4.6
Ice Magic      | 1 2 3 4 |  4.6
Air Magic      | 1 2 3 4 |  4.6
Earth Magic    | 1 2 3 4 |  4.6
Poison Magic   | 1 2 3 4 |  4.6
Throwing       | 3 4 5 6 |  6.2
Armour         | 3 4 5 6 |  6.2
Fighting       | 5 6 7 |  7.3
Polearms       | 5 6 7 |  7.3
Dodging        | 5 6 7 |  7.3
Translocations | 6 7 |  7.2

Action                   |  1- 3 |  4- 6 |  7- 9 | 10-12 || total
-------------------------+-------+-------+-------+-------++-------
Melee: Spear             |   139 |    38 |       |       ||   177
       Bite              |     9 |    21 |    57 |    21 ||   108
       Whip              |       |   161 |   322 |   102 ||   585
       Punch             |       |     3 |    18 |     3 ||    24
       Unarmed           |       |       |       |    14 ||    14
Throw: Dart              |     2 |     1 |    34 |    41 ||    78
       Boomerang         |       |       |     4 |       ||     4
 Cast: Blink             |       |     2 |     1 |     1 ||     4
Invok: Heroism           |       |       |     1 |     1 ||     2
 Stab: Sleeping          |     2 |     6 |     5 |     1 ||    14
       Invisible         |       |     1 |       |     2 ||     3
Armor: Leather armour    |    16 |    23 |       |       ||    39
       Ring mail         |       |    27 |   140 |    28 ||   195
       Skin              |       |       |       |     5 ||     5
Dodge: Dodged            |    52 |   118 |   214 |    61 ||   445
